 Dungeon Crawl Stone Soup version 0.32-a0-136-gc02482bde3 (webtiles) character file.

Game seed: 9501154110469227206

1309 CougarLife the Caller (level 8, -5/52 HPs)
             Began as a Merfolk Summoner on Feb 10, 2024.
             Was an Initiate of Hepliaklqana.
             Killed from afar by Maggie (14 damage)
             ... with a bolt of fire
             ... on level 6 of the Dungeon.
             The game lasted 00:12:13 (6659 turns).

CougarLife the Caller (Merfolk Summoner)            Turns: 6659, Time: 00:12:14

Health: -5/52      AC: 14    Str:  8    XL:     8   Next: 58%
Magic:  7/15       EV: 12    Int: 16    God:    Hepliaklqana [......]
Gold:   298        SH:  0    Dex: 15    Spells: 3/17 levels left

rFire   . . .        i - +0 trident
rCold   . . .        (no shield)
rNeg    . . .        a - +0 robe
rPois   .            q - +2 helmet
rElec   .            (no cloak)
rCorr   .            (no gloves)
SInv    .            w - +0 pair of boots
Will    .....        v - amulet of regeneration
Stlth   ++           n - +4 ring of protection
HPRegen 1.08/turn    o - +4 ring of protection
MPRegen 0.14/turn

%: no passive effects
@: unable to call your familiar, mesmerised
A: (nimble swimmer 2), mertail
a: Renounce Religion


You were on level 6 of the Dungeon.
You worshipped Hepliaklqana.
Hepliaklqana was noncommittal.
You visited 2 branches of the dungeon, and saw 7 of its levels.

You collected 298 gold pieces.

Inventory:

Hand Weapons
 i - a +0 trident (weapon)
Armour
 a - a +0 robe (worn)
 q - a +2 helmet (worn)
 w - a +0 pair of boots (worn)
Jewellery
 b - a ring of magical power
 n - a +4 ring of protection (left hand)
 o - a +4 ring of protection (right hand)
 r - a ring of poison resistance
 v - an amulet of regeneration (around neck)
 A - a ring of resist corrosion
Wands
 g - a wand of charming (12)
Scrolls
 d - 5 scrolls of identify {unknown}
 f - a scroll of poison {unknown}
 l - a scroll of enchant weapon {unknown}
 p - a scroll of butterflies {unknown}
 s - 4 scrolls of fear {unknown}
 u - a scroll of enchant armour {unknown}
 y - a scroll of vulnerability {unknown}
 z - a scroll of teleportation {unknown}
Potions
 c - 2 potions of brilliance {unknown}
 e - a potion of invisibility {unknown}
 h - a potion of attraction {unknown}
 j - 2 potions of haste {unknown}
 k - 2 potions of enlightenment {unknown}
 m - 4 potions of heal wounds {unknown}
 t - 2 potions of curing {unknown}
 x - a potion of degeneration {unknown}


   Skills:
 + Level 5.9 Polearms
 - Level 2.6 Dodging
 - Level 2.1 Stealth
 + Level 5.2 Spellcasting
 + Level 6.6 Summonings
 * Level 3.5 Fire Magic


You had 3 spell levels left.
You knew the following spells:

 Your Spells              Type           Power      Damage    Failure   Level
a - Summon Small Mammal   Summ           100%       N/A       1%          1
b - Call Imp              Summ           50%        N/A       1%          2
c - Call Canine Familiar  Summ           25%        N/A       3%          3
d - Summon Blazeheart Go  Fire/Summ      20%        N/A       19%         4
e - Summon Lightning Spi  Summ/Air       14%        N/A       36%         4

Your spell library contained the following spells:

 Spells                   Type           Power      Damage    Failure   Level


Dungeon Overview and Level Annotations

Branches:
Dungeon (6/15)             Temple (1/1) D:5

Altars:
Ashenzari
Cheibriados
Dithmenos
Elyvilon
Fedhas
Gozag
Hepliaklqana
Kikubaaqudgha
Makhleb
Nemelex Xobeh
Qazlal
Ru
Sif Muna
Trog
Uskayaw
Wu Jian
Xom
Yredelemnul
Zin
The Shining One

Annotations:
D:6 Maggie, Pikel


Innate Abilities, Weirdness & Mutations

((You are very nimble when in or above water. (Stealth+, EV+, Speed+++)))
Your lower body shifts to a powerful aquatic tail in water.


Message History

You imbue your familiar with magical energy and its fangs glint viciously.
Your cerulean imp barely misses Maggie.
Maggie hits your inugami with a +0 vampiric halberd.
Your inugami hits Maggie but does no damage.
Your inugami hits Maggie.
Your cerulean imp closely misses Maggie.
Maggie misses your inugami.
Your inugami closely misses Maggie.
Your cerulean imp barely misses Maggie.
A kobold comes into view. It is wielding a +0 short sword.
Maggie says, "Have you seen any dragons?"
Maggie casts a spell.
Maggie attempts to bespell you!
You are mesmerised by Maggie!
Your inugami barely misses Maggie.
You hear a shout! x2
Your cerulean imp barely misses Maggie.
Maggie barely misses your inugami.
Your inugami barely misses Maggie.
Your cerulean imp barely misses Maggie.
Your inugami hits Maggie but does no damage.
Maggie gestures at you while chanting. The bolt of fire hits you!!
* * * LOW HITPOINT WARNING * * *
Okay, then.
Your cerulean imp hits Maggie but does no damage.
A kobold comes into view. It is wielding a +0 club.
Maggie hits your inugami with a +0 vampiric halberd!
Your inugami barely misses Maggie.
Your cerulean imp closely misses Maggie.
Maggie gestures at you while chanting. The bolt of fire hits your inugami!
Your inugami dies!
Your inugami disappears in a puff of smoke!
The bolt of fire hits you!
* * * LOW HITPOINT WARNING * * *
Your cerulean imp closely misses Maggie.
Maggie casts a spell at you.
The bolt of fire misses your cerulean imp.
The bolt of fire hits you!
You die...
Hepliaklqana delivers you to your ancestors.

#######...≈§§⌠§§≈....##
#%....≈§§≈§≈≈≈.....
#<...≈§§§####≈....
#.##.≈§§§...≈≈..# # ##
#..§§§.......##.###
#..§.§.≈....§@KK...
#....§.......#
######..#..5## #.##.@.#
###.##...# #...##...#
##.######## #).#
#.##########
#..........#
##########...


You could see Maggie (mesmerising, ally target), a kobold and a friendly
cerulean imp (summoned).

Vanquished Creatures
  Grinder (D:3)
  A black bear (D:5)
  An ogre (D:4)
  A lemure (D:6)
  A scorpion (D:5)
  A bombardier beetle (D:5)
  A hound (D:5)
  2 sleepcaps
  5 iguanas
  Robin (D:3)
  2 gnolls (D:3)
  An ufetubus (D:5)
  2 dart slugs (D:1)
  A ribbon worm (D:2)
  7 orcs
  8 bats
  8 endoplasms
  2 giant cockroaches
  9 goblins
  7 hobgoblins
  3 kobolds
  2 quokkas (D:1)
  4 ball pythons
  2 frilled lizards
  4 rats
77 creatures vanquished.

Vanquished Creatures (collateral kills)
  A nameless horror (D:5)
  A water moccasin (D:5)
  A centaur (D:4)
  2 lemures (D:6)
  A phantom (D:4)
  3 hounds
  2 orc priests
  A gnoll bouda (D:5)
  An iguana (D:6)
  2 gnolls (D:3)
  An ufetubus (D:5)
  A dart slug (D:1)
  A ribbon worm (D:3)
  7 orcs
  An endoplasm (D:1)
  A giant cockroach (D:1)
  7 goblins
  A hobgoblin (D:1)
  2 quokkas
  A ball python (D:4)
  A kobold (D:1)
39 creatures vanquished.

Vanquished Creatures (others)
  An orc wizard (D:4)
  A blazeheart core (D:5)
2 creatures vanquished.

Grand Total: 118 creatures vanquished

Notes
Turn   | Place    | Note
-------+----------+-------------------------------------------
     0 | D:1      | CougarLife the Merfolk Summoner began the quest for the
                  | Orb.
     0 | D:1      | Reached XP level 1. HP: 13/13 MP: 3/3
   159 | D:1      | Reached XP level 2. HP: 18/19 MP: 3/5
   247 | D:1      | Found a faded altar of an unknown god.
   251 | D:1      | Learned a level 2 spell: Call Imp
   626 | D:1      | Reached XP level 3. HP: 14/24 MP: 4/6
   708 | D:1      | Learned a level 3 spell: Call Canine Familiar
  2429 | D:3      | Found a white marble altar of Elyvilon.
  2618 | D:3      | Reached XP level 4. HP: 30/30 MP: 6/8
  2683 | D:3      | Noticed Robin
  2714 | D:3      | Reached skill level 1 in Polearms
  2802 | D:3      | Killed Robin
  2803 | D:3      | Reached skill level 5 in Summonings
  2815 | D:3      | Reached XP level 5. HP: 28/35 MP: 6/10
  2998 | D:3      | Noticed Grinder
  3030 | D:3      | Killed Grinder
  3031 | D:3      | Reached XP level 6. HP: 41/41 MP: 4/12
  3097 | D:3      | Learned a level 4 spell: Summon Blazeheart Golem
  3568 | D:4      | Reached skill level 1 in Fire Magic
  3568 | D:4      | Reached XP level 7. HP: 18/46 MP: 2/13
  4021 | D:4      | Reached skill level 6 in Summonings
  4056 | D:4      | Found a glowing silver altar of Zin.
  4472 | D:5      | Entered Level 5 of the Dungeon
  4490 | D:5      | Reached skill level 5 in Polearms
  4564 | D:5      | Reached XP level 8. HP: 52/52 MP: 10/15
  4602 | D:5      | Learned a level 4 spell: Summon Lightning Spire
  4628 | D:5      | Identified the +1 quarterstaff of Ashenzari's Wrath {pain,
                  | Int+3}
  4776 | D:5      | Found a staircase to the Ecumenical Temple.
  4796 | D:5      | Found a basalt altar of Yredelemnul.
  4897 | D:5      | Noticed a nameless horror
  4944 | D:5      | Killed a nameless horror
  5573 | D:5      | Reached skill level 5 in Spellcasting
  5906 | D:5      | Found an ancient bone altar of Kikubaaqudgha.
  5906 | D:5      | Found a bloodstained altar of Trog.
  6062 | Temple   | Entered the Ecumenical Temple
  6077 | Temple   | Became a worshipper of Hepliaklqana the Forgotten
  6452 | D:6      | Found a stormy altar of Qazlal.
  6469 | D:6      | Found a hide-covered altar of Uskayaw.
  6495 | D:6      | Noticed Pikel
  6632 | D:6      | Noticed Maggie
  6659 | D:6      | Killed from afar by Maggie

Illustrated notes

Levels and vault maps discovered:
D:1:      mrwooster_arrival_statue_2, layout_basic,
          hellmonk_ecumenical_altar_run_dry
D:2:      layout_loops_corners, grunt_ministairs_4
D:3:      layout_basic, mainiacjoe_overflow_small_starburst,
          serial_corexii_hall, corexii_hall_statues_i, corexii_hall_statues_t,
          chequers_hall_statues_wall_a, corexii_hall_statues_s, uniq_grinder,
          uniq_robin
D:4:      layout_basic, kennysheep_mini, chequers_big_river, nicolae_titane
D:5:      minmay_skewed_foursquare, layout_basic, mainiacjoe_overflow_chevrons,
          gammafunk_temple_overflow_wave, minmay_temple_entry_trees,
          minivault_24
D:6:      layout_rooms, nicolae_qazlal_general_emergency,
          nicolae_uskayaw_suspiria, uniq_pikel, uniq_maggie
Temple:   cyrus_circular_temple

Skill      XL: |  1  2  3  4  5  6  7  8 |
---------------+-------------------------+-----
Spellcasting   | 3 4 5 |  5.2
Polearms       | 2 3 4 5 |  5.9
Summonings     | 5 6 |  6.6
Fire Magic     | 1 2 3 |  3.5
Dodging        | |  2.6
Stealth        | |  2.1

Action                     |  1- 3 |  4- 6 |  7- 9 || total
---------------------------+-------+-------+-------++-------
  Melee: Club              |    65 |       |       ||    65
         Unarmed           |     2 |       |       ||     2
         Punch             |     4 |     4 |     3 ||    11
         Rapier            |    42 |       |       ||    42
         Trident           |    33 |    79 |   158 ||   270
   Cast: Summon Small Mamm |    28 |     2 |       ||    30
         Call Canine Famil |     2 |    10 |    27 ||    39
         Call Imp          |       |     4 |    16 ||    20
         Summon Blazeheart |       |     1 |     5 ||     6
    Use: Potion            |       |       |     1 ||     1
   Stab: Sleeping          |     7 |     3 |     2 ||    12
         Distracted        |     1 |     1 |     6 ||     8
 Armour: Robe              |    85 |    56 |    90 ||   231
  Dodge: Dodged            |   101 |    50 |    69 ||   220

Table legend: (Time is in decaauts)
 A = Elapsed time spent in this place.
 B = Non-inter-level travel time spent in this place.
 C = Inter-level travel time spent in this place.
 D = Time resting spent in this place.
 E = Time spent auto-exploring this place.
 F = Levels seen in this place.
 G = Mean time per level.
                   A        B        C        D        E       F      G
               +--------+--------+--------+--------+--------+-----+--------+
         Total |   6701 |   6462 |    239 |   1408 |   3419 |   7 |  957.3 |
       Dungeon |   6673 |   6455 |    218 |   1408 |   3419 |   6 | 1112.2 |
        Temple |     28 |      7 |     21 |      0 |      0 |   1 |   28.0 |
               +--------+--------+--------+--------+--------+-----+--------+

Top non-repeatable levels by time:
     D:5: 1614 daAuts
     D:1: 1381 daAuts
     D:3: 1129 daAuts
     D:2: 1042 daAuts
     D:4: 958 daAuts
     D:6: 545 daAuts
  Temple: 28 daAuts
